 Dungeon Crawl Stone Soup version 0.31-a0-237-g2d982f9f85 (webtiles) character file.

Game seed: 14403414779655436205

154 qw the Shooter (level 5, -13/45 HPs)
             Began as a Minotaur Hexslinger on July 11, 2023.
             Blown up by Ijyb (19 damage)
             ... with a mindburst bolt
             ... on level 3 of the Dungeon.
             The game lasted 00:00:52 (2012 turns).

qw the Shooter (Minotaur Hexslinger)                Turns: 2012, Time: 00:00:52

Health: -13/45     AC:  3    Str: 13    XL:     5   Next: 13%
Magic:  5/5        EV: 12    Int: 10    God:
Gold:   150        SH:  0    Dex: 17    Spells: 5/6 levels left

rFire   . . .        Y - +2 sling
rCold   . . .        (no shield)
rNeg    . . .        j - +0 leather armour
rPois   .            (helmet restricted)
rElec   +            (no cloak)
rCorr   .            (no gloves)
SInv    .            (no boots)
Will    .....        (no amulet)
Stlth   +            d - ring of Poim {Wiz rElec Dex+3}
HPRegen 0.27/turn    (no ring)
MPRegen 0.09/turn

%: wizardry (x1)
@: no status effects
A: horns 2, retaliatory headbutt
a: no special abilities


You were on level 3 of the Dungeon.
You visited 1 branch of the dungeon, and saw 3 of its levels.

You collected 150 gold pieces.


Innate Abilities, Weirdness & Mutations

You have a pair of horns on your head.
You reflexively headbutt those who attack you in melee.


   Skills:
 - Level 3.1 Fighting
 + Level 5.2 Ranged Weapons
 - Level 2.1 Dodging
 - Level 1.0 Spellcasting
 - Level 2.0 Hexes


You had 5 spell levels left.
You knew the following spells:

 Your Spells              Type           Power      Damage    Failure   Level
a - Slow                  Hex            16%        N/A       8%          1

Your spell library contained the following spells:

 Spells                   Type           Power      Damage    Failure   Level
 Inner Flame              Hex/Fire       2%         N/A       32%         3
 Portal Projectile        Hex/Tloc       4%         N/A       32%         3
 Cause Fear               Hex            2%         N/A       56%         4

Inventory:

Hand Weapons
 Y - a +2 sling (weapon)
Armour
 c - a +0 ring mail
 j - a +0 leather armour (worn)
Jewellery
 d - the ring of Poim (left hand) {Wiz rElec Dex+3}
   (You found it on level 2 of the Dungeon)

   [ring of wizardry]

   It improves your spell success rate.
   Dex:       It affects your dexterity (+3).
   rElec:     It insulates you from electricity.
Scrolls
 a - a scroll of identify
Potions
 b - 2 potions of curing
 e - a potion of degeneration {unknown}
 f - a potion of might {unknown}
 g - a potion of haste {unknown}
 i - a potion of resistance {unknown}

Dungeon Overview and Level Annotations

Branches:
Dungeon (3/15)

Altars:

Annotations:
D:3 Ijyb


Message History

The adder hisses angrily.
The adder is heavily wounded.
You shoot a sling bullet. The sling bullet hits the adder.
The adder is severely wounded.
You shoot a sling bullet. The sling bullet hits the adder!
You kill the adder!
You now have 136 gold pieces (gained 6).
You see here 6 stones.
You now have 150 gold pieces (gained 14).
Ijyb the Twisted Goblin comes into view.
She is wielding a +0 dagger and carrying a wand of mindburst (18).
Found a quarterstaff.
Ijyb shouts!
Ijyb zaps a wand.
Your mind is blasted!
Enter note:
Enter note:
Enter note:
Enter note: You shoot a sling bullet.
The sling bullet hits Ijyb but does no damage.
You shoot a sling bullet. The sling bullet closely misses Ijyb.
A kobold comes into view. It is wielding a +0 short sword.
Ijyb grins evilly.
Ijyb zaps a wand.
Your mind is blasted!
You shoot a sling bullet. The sling bullet hits Ijyb.
Ijyb is moderately wounded.
You shoot a sling bullet. The sling bullet closely misses Ijyb.
The kobold throws a stone.
The stone hits you but does no damage.
Ijyb zaps a wand.
Your mind is blasted!
The kobold throws a stone.
The stone hits you.
Ijyb zaps a wand.
Your mind is blasted!
You shoot a sling bullet. The sling bullet barely misses Ijyb.
The kobold throws a stone.
The stone hits you but does no damage.
You shoot a sling bullet.
The sling bullet hits Ijyb but does no damage.
Ijyb is moderately wounded.
You shoot a sling bullet.
The sling bullet hits Ijyb but does no damage.
Ijyb is moderately wounded.
The kobold throws a stone.
The stone hits you.
Ijyb zaps a wand.
Your mind is blasted!
You die...

..#..)..## .........
.......... ......K...
######.g........
#...##..........
#...##.......#.. #<##
#..)##@......#.# .....
#....#.........####.#..
##.#.....####.... .....
#.####.....##.# ....
#.##...###.?..### #..
#.##.### ####...####..
#.#..# #.#.......
#...### ###....##...
#.....#####....#.###..


You could see Ijyb and a kobold.

Vanquished Creatures
  Jessica (D:2)
  A gnoll (D:2)
  5 adders
  3 worms (D:2)
  3 dart slugs
  4 ball pythons
  6 endoplasms
  2 giant cockroaches
  6 goblins
  4 hobgoblins
  4 jackals (D:2)
  5 bats
  7 frilled lizards
  3 kobolds
  7 rats
61 creatures vanquished.

Notes
Turn   | Place    | Note
-------+----------+-------------------------------------------
     0 | D:1      | qw the Minotaur Hexslinger began the quest for the Orb.
     0 | D:1      | Reached XP level 1. HP: 16/16 MP: 1/1
     0 | D:1      | 0 ||| qw: Version: 0.3-a-52-g30416fa
     0 | D:1      | 0 ||| qw: Game counter: 5721
     0 | D:1      | 0 ||| qw: Melee chars always use a shield: true
     0 | D:1      | 0 ||| qw: God list: Okawaru
     0 | D:1      | 0 ||| qw: Allow faded altars: false
     0 | D:1      | 0 ||| qw: Do Orc after clearing Dungeon:15 true
     0 | D:1      | 0 ||| qw: Do second Lair branch before Depths: true
     0 | D:1      | 0 ||| qw: Lair rune preference: random
     0 | D:1      | 0 ||| qw: Goals: Normal
     0 | D:1      | 0 ||| PLANNING D:1-11
    26 | D:1      | Found a faded altar of an unknown god.
    27 | D:1      | 27 ||| DROPPING scroll of poison.
   178 | D:1      | Reached skill level 3 in Ranged Weapons
   182 | D:1      | Reached XP level 2. HP: 23/23 MP: 2/2
   655 | D:1      | Reached XP level 3. HP: 25/25 MP: 3/3
   979 | D:1      | 979 ||| DROPPING +6 ring of intelligence.
   980 | D:1      | 980 ||| READING 2 scrolls labelled UGOJ WIUSIRR.
   981 | D:1      | 981 ||| READING scroll labelled XEXEZOWU BAOL.
   982 | D:1      | 982 ||| READING scroll labelled ELYGOKLUE NAIL.
   983 | D:1      | 983 ||| DRINKING 2 fuming black potions.
  1092 | D:1      | 1092 ||| DROPPING potion of berserk rage.
  1180 | D:2      | Identified the ring of Poim {Wiz rElec Dex+3}
  1205 | D:2      | Reached skill level 4 in Ranged Weapons
  1460 | D:2      | Noticed Jessica
  1463 | D:2      | Killed Jessica
  1464 | D:2      | Reached XP level 4. HP: 33/36 MP: 4/4
  1626 | D:2      | Reached skill level 5 in Ranged Weapons
  1823 | D:2      | 1823 ||| UPGRADING to +0 leather armour.
  1833 | D:2      | 1833 ||| DROPPING +0 robe.
  1834 | D:2      | 1834 ||| UPGRADING to ring of Poim {Wiz rElec Dex+3}.
  1835 | D:2      | 1835 ||| READING scroll labelled RUOGECE YGHEN.
  1836 | D:2      | 1836 ||| DRINKING 2 emerald potions.
  1915 | D:3      | Reached skill level 3 in Fighting
  1958 | D:3      | Reached XP level 5. HP: 45/45 MP: 5/5
  2005 | D:3      | Noticed Ijyb
  2009 | D:3      | HP: 7/45 [disintegration (20)]
  2012 | D:3      | Blown up by Ijyb

Levels and vault maps discovered:
D:1:      saegor_arrival_simple_c, layout_loops_ring,
          shapermc_ecumenical_altar_flowoftime, serial_forest,
          infiniplex_forest_lined_3_way, infiniplex_forest_clump_small,
          infiniplex_forest_clump_curved, infiniplex_forest_straight_3,
          infiniplex_forest_end_3, infiniplex_forest_lined_3,
          infiniplex_forest_clump_medium, infiniplex_forest_straight_4
D:2:      layout_basic, cheibrodos_gnoll_hut, uniq_jessica
D:3:      layout_rooms, ebering_ghost_sewer_d, kennysheep_flooded_box,
          minmay_misc_feat_chi, kennysheep_doodads, uniq_ijyb

Skill      XL: |  1  2  3  4 |
---------------+-------------+-----
Ranged Weapons | 3 4 5 |  5.2
Fighting       | 2 3 |  3.1
Dodging        | |  2.1
Spellcasting   | |  1.0
Hexes          | |  2.0

Action                     |  1- 3 |  4- 6 || total
---------------------------+-------+-------++-------
  Melee: Sling             |     5 |       ||     5
         Headbutt          |     2 |       ||     2
         Punch             |     1 |       ||     1
   Fire: Sling             |   123 |    65 ||   188
    Use: Scroll            |     3 |     1 ||     4
         Potion            |     1 |     1 ||     2
 Armour: Robe              |     8 |     4 ||    12
         Leather armour    |       |     2 ||     2
  Dodge: Dodged            |    17 |    11 ||    28

Table legend:
 A = Non-vault XP
 B = Vault XP
 C = Vault XP percentage of total XP
 D = Non-vault monster count
 E = Vault monster count
 F = Vault count percentage of total count
                 A         B        C        D         E       F
            +---------+---------+-------+---------+---------+-------
      Total |     164 |      56 |  25.5 |      57 |       4 |   6.6
            +---------+---------+-------+---------+---------+-------
        D:1 |      45 |       0 |   0.0 |      27 |       0 |   0.0
        D:2 |      56 |      56 |  50.0 |      20 |       4 |  16.7
        D:3 |      63 |       0 |   0.0 |      10 |       0 |   0.0
            +---------+---------+-------+---------+---------+-------
